 Dungeon Crawl Stone Soup version 0.31-a0-692-gf03d1854d5 (webtiles) character file.

Game seed: 4910750895306398641

26561 qw the Marksgargoyle (level 13, -2/84 HPs)
             Began as a Gargoyle Hunter on Sept 6, 2023.
             Was a High Priest of Okawaru.
             Slain by a blink frog (12 damage)
             ... on level 5 of the Lair of Beasts.
             The game lasted 00:05:36 (11681 turns).

qw the Marksgargoyle (Gargoyle Hunter)             Turns: 11681, Time: 00:05:37

Health: -2/84      AC: 21    Str: 22    XL:     13   Next: 26%
Magic:  20/20      EV: 18    Int: 10    God:    Okawaru [*****.]
Gold:   926        SH:  0    Dex: 17    Spells: 12/12 levels left

rFire   + + .        Y - +3 hand cannon (freeze)
rCold   + . .        (no shield)
rNeg    + . .        s - +0 steam dragon scales
rPois   inf          f - +2 helmet
rElec   +            i - scarf {rC+ rF+}
rCorr   .            (no gloves)
SInv    .            m - +0 pair of boots
Will    .....        c - amulet of faith
Stlth   +++          l - ring of protection from fire
HPRegen 0.34/turn    q - +6 ring of strength
MPRegen 0.17/turn

%: faith
@: heroic
A: sickness immunity, AC +9, negative energy resistance 1, electricity
resistance, torment resistance 1, petrification resistance
a: Renounce Religion, Heroism, Finesse, Duel


You were on level 5 of the Lair of Beasts.
You worshipped Okawaru.
Okawaru was extremely pleased with you.
You visited 3 branches of the dungeon, and saw 15 of its levels.

You collected 926 gold pieces.


Innate Abilities, Weirdness & Mutations

You are immune to sickness and miasma.
Your stone body is resilient. (AC +9)
You are immune to poison.
You resist negative energy. (rN+)
You are resistant to electric shocks. (rElec)
You are resistant to unholy torment.
You are immune to petrification.


   Skills:
 - Level 11.2(16.2) Fighting
 + Level 16.3(21.3) Ranged Weapons
 - Level 5.0(10.0) Armour
 - Level 5.0(10.0) Dodging
 - Level 1.1(6.1) Stealth
 - Level 10.0 Invocations


You had 12 spell levels left.
You didn't know any spells.
Your spell library was empty.

Inventory:

Hand Weapons
 Y - a +3 hand cannon of freezing (weapon)
Armour
 f - a +2 helmet (worn)
 i - a scarf of resistance (worn)
 m - a +0 pair of boots (worn)
 s - +0 steam dragon scales (worn)
Jewellery
 c - an amulet of faith (around neck)
 e - a ring of fire
 l - a ring of protection from fire (left hand)
 p - an amulet of regeneration
 q - a +6 ring of strength (right hand)
 r - a ring of ice
Scrolls
 b - 2 scrolls of identify
Potions
 a - 4 potions of enlightenment
 d - 5 potions of curing
 g - a potion of haste
 k - 2 potions of mutation
 n - a potion of might

Dungeon Overview and Level Annotations

Branches:
Dungeon (9/15)             Temple (1/1) D:6            Lair (5/5) D:9
  Swamp (0/4) Lair:2        Snake (0/4) Lair:3        Slime (0/5) Lair:4
    Orc: D:9-12

Altars:
Ashenzari
Cheibriados
Dithmenos
Elyvilon
Fedhas
Gozag
Hepliaklqana
Kikubaaqudgha
Makhleb
Nemelex Xobeh
Okawaru
Qazlal
Ru
Sif Muna
Trog
Uskayaw
Vehumet
Wu Jian
Xom
Yredelemnul
Zin
The Shining One
Jiyva

Shops:
D:9 *

Annotations:
D:4 2 transporters, qw's ghost, amateur GrHu
D:7 2 transporters, qw's ghost, novice GrHs


Message History

The electric eel shoots out a bolt of lightning at you!
The bolt of electricity misses you.
The electric eel shoots out a bolt of lightning at you!
The bolt of electricity hits you. You resist.
The electric eel shoots out a bolt of lightning at you!
The bolt of electricity hits you. You resist.
The bolt of electricity hits the plant!
The plant begins to die.
You shoot a bolt. The bolt hits the electric eel.
The electric eel seems to slow down.
The bolt freezes the electric eel.
The electric eel is lightly wounded.
The electric eel shoots out a bolt of lightning at you!
The bolt of electricity hits you but does no damage.
You shoot a bolt.
The bolt barely misses the electric eel.
Your surroundings suddenly seem different.
A cane toad comes into view.
Found a potion of heal wounds.
You shoot a bolt. The bolt hits the cane toad!
The cane toad seems to slow down.
The bolt freezes the cane toad.
The cane toad is moderately wounded.
You shoot a bolt.
The bolt hits the cane toad but does no damage.
The cane toad is moderately wounded.
11677 ||| READING scroll of teleportation.
As you read the scroll of teleportation, it crumbles to dust.
You feel strangely unstable.
You shoot a bolt. The bolt hits the cane toad!!
The cane toad seems to slow down.
The bolt freezes the cane toad!
You kill the cane toad!
Okawaru accepts your kill.
You start resting.
Your surroundings suddenly seem different.
Splash!
You fall into the shallow water.
Moving in this stuff is going to be slow.
You hear a croak.
You hear a loud, deep croak!
You hear an angry hiss. x2
11681 ||| Stepping ~*~*~tactically~*~*~ (water).
The blink frog attacks as it pursues you!
The blink frog hits you!
You die...
S

~~~ ~~ ~...P...^..P ~.# ~h
~~~~........## .P~~ #~
#~##F........#
#.~~.#~######~~##........##
~~~m.~~~~~~~~~~~~~
~#~~.~l..~~~~.~~~
#~~~~~~~#~~##~~#
#~~##~~##~~##~P##... ~~
~...~..~@F~~~.~.... .
......#...~#.........77777
.....###.#.###
#......~7~~~~ ..... ##..
#...~~~~~~~ ..... ##.
...~SS.~P #. ......... #.
.......¤. .. 7~~...¤..
~~~~~~P7¤


You could see a blink frog.

Vanquished Creatures
  2 hydras
  A skyshark (Lair:2)
  Sonja (Lair:2)
  A sea snake (Lair:5)
  2 bog bodies (Lair:2)
  5 elephants (Lair:1)
  5 black mambas
  A torpor snail (Lair:4)
  12 cane toads
  4 komodo dragons
  3 rime drakes
  A troll (D:9)
  2 hornets
  2 polar bears
  2 blink frogs (Lair:5)
  29 yaks
  2 wyverns
  3 steam dragons
  2 wargs (D:9)
  5 swamp worms
  18 water moccasins
  2 orc warriors (D:9)
  A sky beast (D:6)
  A black bear (D:6)
  4 ice beasts
  3 wolves (Lair:2)
  An ogre (D:5)
  3 centaurs
  2 phantoms (D:4)
  A kobold brigand (D:6)
  9 bullfrogs
  2 gnoll sergeants (D:8)
  2 scorpions
  7 wights (D:8)
  17 killer bees
  7 electric eels
  3 howler monkeys
  4 hounds
  3 jellies
  A gnoll bouda (D:6)
  6 orc priests
  3 sleepcaps
  8 orc wizards
  5 iguanas
  17 gnolls
  10 adders
  2 shadow imps (D:6)
  A white imp (D:7)
  An ufetubus (D:7)
  2 dart slugs
  39 orcs
  4 bats
  4 endoplasms
  3 giant cockroaches (D:1)
  12 goblins
  8 hobgoblins
  8 jackals
  4 quokkas
  7 ball pythons
  4 frilled lizards
  10 kobolds
  6 rats
340 creatures vanquished.

Notes
Turn   | Place    | Note
-------+----------+-------------------------------------------
     0 | D:1      | qw the Gargoyle Hunter began the quest for the Orb.
     0 | D:1      | Reached XP level 1. HP: 12/12 MP: 1/1
     0 | D:1      | 0 ||| qw: Version: 0.3-a-76-g4403597
     0 | D:1      | 0 ||| qw: Game counter: 264
     0 | D:1      | 0 ||| qw: Melee chars always use a shield: true
     0 | D:1      | 0 ||| qw: God list: Okawaru
     0 | D:1      | 0 ||| qw: Allow faded altars: false
     0 | D:1      | 0 ||| qw: Do Orc after clearing Dungeon:15 true
     0 | D:1      | 0 ||| qw: Do second Lair branch before Depths: true
     0 | D:1      | 0 ||| qw: Lair rune preference: random
     0 | D:1      | 0 ||| qw: Goals: Normal
     0 | D:1      | 0 ||| PLANNING D:1-11
   194 | D:1      | Reached XP level 2. HP: 17/17 MP: 2/2
   292 | D:1      | Reached XP level 3. HP: 21/21 MP: 3/3
   478 | D:1      | Reached skill level 5 in Ranged Weapons
   709 | D:1      | 709 ||| UPGRADING to +1 helmet.
   714 | D:1      | 714 ||| UPGRADING to +0 ring mail.
   724 | D:1      | 724 ||| DROPPING +0 leather armour.
   725 | D:1      | 725 ||| UPGRADING to ring of protection from fire.
   726 | D:1      | 726 ||| READING scroll labelled RUM OHYTUZOPPY.
   727 | D:1      | 727 ||| READING scroll labelled ILOFUFE LEPPU.
   728 | D:1      | 728 ||| READING scroll labelled SIMYDIAWUNK.
   729 | D:1      | 729 ||| READING scroll labelled IQOLESK PYQEUPT.
   730 | D:1      | 730 ||| READING scroll labelled VOOVEU DENKA.
   731 | D:1      | 731 ||| DRINKING 2 bubbling coppery potions.
   732 | D:1      | 732 ||| DROPPING scroll of butterflies.
   836 | D:2      | Reached skill level 1 in Armour
   974 | D:2      | Reached XP level 4. HP: 26/27 MP: 4/4
  1135 | D:2      | Reached skill level 3 in Fighting
  1148 | D:2      | 1148 ||| READING scroll of enchant armour.
  1148 | D:2      | 1148 ||| ENCHANTING +1 helmet.
  1724 | D:2      | 1724 ||| UPGRADING to scarf of resistance.
  1729 | D:2      | 1729 ||| READING scroll labelled LUAMPI GOPAER.
  1730 | D:2      | 1730 ||| READING scroll labelled ZIJ FYS ANKAH.
  2144 | D:3      | Reached XP level 5. HP: 32/32 MP: 5/5
  2253 | D:3      | 2253 ||| FLEEEEING.
  2254 | D:3      | 2254 ||| FLEEEEING.
  2255 | D:3      | 2255 ||| FLEEEEING.
  2256 | D:3      | 2256 ||| FLEEEEING.
  2257 | D:3      | 2257 ||| FLEEEEING.
  2258 | D:3      | 2258 ||| FLEEEEING.
  2260 | D:3      | 2260 ||| FLEEEEING.
  2261 | D:3      | 2261 ||| FLEEEEING.
  2262 | D:3      | 2262 ||| FLEEEEING.
  2263 | D:3      | 2263 ||| FLEEEEING.
  2264 | D:3      | 2264 ||| FLEEEEING.
  2265 | D:3      | 2265 ||| FLEEEEING.
  2266 | D:3      | 2266 ||| FLEEEEING.
  2267 | D:3      | 2267 ||| FLEEEEING.
  2268 | D:3      | 2268 ||| FLEEEEING.
  2269 | D:3      | 2269 ||| FLEEEEING.
  2271 | D:3      | 2271 ||| FLEEEEING.
  2272 | D:3      | 2272 ||| FLEEEEING.
  2273 | D:3      | 2273 ||| FLEEEEING.
  2274 | D:3      | 2274 ||| FLEEEEING.
  2275 | D:3      | 2275 ||| FLEEEEING.
  2276 | D:3      | 2276 ||| FLEEEEING.
  2277 | D:3      | 2277 ||| FLEEEEING.
  2278 | D:3      | 2278 ||| FLEEEEING.
  2282 | D:3      | 2282 ||| FLEEEEING.
  2283 | D:3      | 2283 ||| FLEEEEING.
  2284 | D:3      | 2284 ||| FLEEEEING.
  2285 | D:3      | 2285 ||| FLEEEEING.
  2286 | D:3      | 2286 ||| FLEEEEING.
  2411 | D:3      | 2411 ||| Stepping ~*~*~tactically~*~*~ (outnumbered).
  2416 | D:3      | Reached skill level 6 in Ranged Weapons
  2697 | D:3      | 2697 ||| READING scroll labelled ULOUQAZX ZEUWK.
  2700 | D:3      | 2700 ||| READING scroll labelled SEXIEW FE ISK.
  2700 | D:3      | Identified a scroll of acquirement
  2700 | D:3      | 2700 ||| ACQUIRING +3 antimagic hand cannon
  2700 | D:3      | Acquired a +3 antimagic hand cannon
  2702 | D:3      | 2702 ||| SWAPPING to +3 antimagic hand cannon.
  2703 | D:3      | 2703 ||| DROPPING +0 shortbow.
  2704 | D:3      | 2704 ||| READING 2 scrolls labelled SIME INIMIGILO.
  2705 | D:3      | 2705 ||| DRINKING 3 smoky black potions.
  2720 | D:4      | Found a transporter.
  2720 | D:4      | Noticed qw's ghost (amateur GrHu)
  2759 | D:4      | Reached XP level 6. HP: 38/38 MP: 2/6
  2763 | D:4      | Found a transporter.
  2818 | D:4      | 2818 ||| FLEEEEING.
  2819 | D:4      | 2819 ||| FLEEEEING.
  2820 | D:4      | 2820 ||| FLEEEEING.
  2821 | D:4      | 2821 ||| FLEEEEING.
  2822 | D:4      | 2822 ||| FLEEEEING.
  2823 | D:4      | 2823 ||| FLEEEEING.
  2824 | D:4      | 2824 ||| FLEEEEING.
  2825 | D:4      | 2825 ||| FLEEEEING.
  2826 | D:4      | 2826 ||| FLEEEEING.
  2827 | D:4      | 2827 ||| FLEEEEING.
  2828 | D:4      | 2828 ||| FLEEEEING.
  2829 | D:4      | 2829 ||| FLEEEEING.
  2830 | D:4      | 2830 ||| FLEEEEING.
  2873 | D:4      | Reached skill level 7 in Ranged Weapons
  2873 | D:4      | Reached XP level 7. HP: 42/43 MP: 2/7
  2895 | D:4      | 2895 ||| Stepping ~*~*~tactically~*~*~ (outnumbered).
  3136 | D:4      | Found a stormy altar of Qazlal.
  3204 | D:4      | Reached skill level 8 in Ranged Weapons
  3331 | D:4      | 3331 ||| DRINKING 2 ruby potions.
  3332 | D:4      | 3332 ||| READING 2 scrolls of identify.
  3332 | D:4      | 3332 ||| IDENTIFYING white potion
  3333 | D:4      | 3333 ||| DROPPING potion of degeneration.
  3349 | D:5      | Entered Level 5 of the Dungeon
  3352 | D:5      | 3352 ||| STAIRDANCE
  3460 | D:5      | 3460 ||| RETREATING.
  3461 | D:5      | 3461 ||| Stepping ~*~*~tactically~*~*~ (retreating).
  3471 | D:5      | HP: 11/44 [orc/+0 falchion (3)]
  3472 | D:5      | Reached skill level 3 in Armour
  3472 | D:5      | 3472 ||| READING 3 scrolls of teleportation.
  3473 | D:5      | 3473 ||| DRINKING 2 potions of heal wounds.
  3482 | D:5      | Reached XP level 8. HP: 35/49 MP: 2/8
  3856 | D:5      | Reached skill level 9 in Ranged Weapons
  4138 | D:5      | 4138 ||| UPGRADING to amulet of regeneration.
  4143 | D:5      | 4143 ||| READING scroll labelled EFAERA CUMIAR.
  4198 | D:5      | 4198 ||| READING 2 scrolls of identify.
  4198 | D:5      | 4198 ||| IDENTIFYING puce potion
  4199 | D:5      | 4199 ||| DROPPING potion of invisibility.
  4273 | D:6      | Reached skill level 6 in Fighting
  4484 | D:6      | Reached XP level 9. HP: 55/55 MP: 9/9
  4543 | D:6      | Reached skill level 10 in Ranged Weapons
  4640 | D:6      | Found a staircase to the Ecumenical Temple.
  4641 | D:6      | 4641 ||| PLANNING TEMPLE
  4641 | D:6      | 4641 ||| UPGRADING to amulet of faith.
  4651 | D:6      | 4651 ||| DRINKING 2 lumpy green potions.
  4652 | D:6      | 4652 ||| READING 2 scrolls of identify.
  4652 | D:6      | 4652 ||| IDENTIFYING fizzy silvery potion
  4653 | D:6      | 4653 ||| DROPPING potion of attraction.
  4658 | Temple   | Entered the Ecumenical Temple
  4659 | Temple   | 4659 ||| PLANNING OKAWARU WORSHIP
  4666 | Temple   | Became a worshipper of Warmaster Okawaru
  4667 | Temple   | 4667 ||| PLANNING D:1-11
  5092 | D:7      | Noticed a hornet
  5099 | D:7      | Killed a hornet
  5222 | D:7      | Reached * piety under Okawaru
  5223 | D:7      | Reached skill level 11 in Ranged Weapons
  5226 | D:7      | Reached skill level 1 in Invocations
  5239 | D:7      | Found a transporter.
  5239 | D:7      | Noticed qw's ghost (novice GrHs)
  5240 | D:7      | Found a transporter.
  5709 | D:7      | 5709 ||| INVOKING Heroism.
  5721 | D:7      | 5721 ||| INVOKING Heroism.
  5901 | D:8      | 5901 ||| RETREATING.
  5902 | D:8      | 5902 ||| INVOKING Heroism.
  5903 | D:8      | 5903 ||| INVOKING Heroism.
  5905 | D:8      | Reached skill level 3 in Dodging
  5911 | D:8      | 5911 ||| Stepping ~*~*~tactically~*~*~ (retreating).
  5912 | D:8      | 5912 ||| Stepping ~*~*~tactically~*~*~ (retreating).
  5918 | D:8      | 5918 ||| INVOKING Heroism.
  5995 | D:8      | 5995 ||| INVOKING Heroism.
  6034 | D:8      | Noticed a hornet
  6046 | D:8      | Killed a hornet
  6047 | D:8      | Reached XP level 10. HP: 65/65 MP: 11/11
  6058 | D:8      | 6058 ||| INVOKING Heroism.
  6061 | D:8      | Reached skill level 3 in Invocations
  6134 | D:8      | 6134 ||| RETREATING.
  6136 | D:8      | 6136 ||| RETREATING.
  6271 | D:8      | 6271 ||| INVOKING Heroism.
  6317 | D:8      | 6317 ||| RETREATING.
  6320 | D:8      | 6320 ||| Stepping ~*~*~tactically~*~*~ (retreating).
  6325 | D:8      | 6325 ||| Stepping ~*~*~tactically~*~*~ (outnumbered).
  6710 | D:8      | 6710 ||| UPGRADING to +0 steam dragon scales.
  6720 | D:8      | 6720 ||| DROPPING +0 ring mail.
  6721 | D:8      | 6721 ||| UPGRADING to +6 ring of strength.
  6722 | D:8      | 6722 ||| READING scroll labelled YPSACUCL MILI.
  6736 | D:9      | 6736 ||| RETREATING.
  6737 | D:9      | 6737 ||| Stepping ~*~*~tactically~*~*~ (retreating).
  6738 | D:9      | 6738 ||| Stepping ~*~*~tactically~*~*~ (outnumbered).
  6739 | D:9      | 6739 ||| Stepping ~*~*~tactically~*~*~ (outnumbered).
  6741 | D:9      | 6741 ||| Stepping ~*~*~tactically~*~*~ (outnumbered).
  6742 | D:9      | 6742 ||| Stepping ~*~*~tactically~*~*~ (outnumbered).
  6743 | D:9      | 6743 ||| Stepping ~*~*~tactically~*~*~ (outnumbered).
  6744 | D:9      | 6744 ||| Stepping ~*~*~tactically~*~*~ (outnumbered).
  6746 | D:9      | 6746 ||| INVOKING Heroism.
  6751 | D:9      | Reached ** piety under Okawaru
  6753 | D:9      | HP: 16/65 [orc warrior/+0 halberd (6)]
  6754 | D:9      | 6754 ||| READING 3 scrolls of teleportation.
  6755 | D:9      | 6755 ||| DRINKING 4 potions of heal wounds.
  6763 | D:9      | 6763 ||| INVOKING Heroism.
  6764 | D:9      | 6764 ||| Stepping ~*~*~tactically~*~*~ (outnumbered).
  6768 | D:9      | Reached skill level 12 in Ranged Weapons
  6949 | D:9      | Found Fouheub's General Store.
  7044 | D:9      | 7044 ||| INVOKING Heroism.
  7078 | D:9      | 7078 ||| INVOKING Heroism.
  7135 | D:9      | 7135 ||| INVOKING Heroism.
  7200 | D:9      | Found a staircase to the Lair.
  7220 | D:9      | 7220 ||| INVOKING Heroism.
  7226 | D:9      | 7226 ||| RETREATING.
  7259 | D:9      | Reached skill level 13 in Ranged Weapons
  7307 | D:9      | 7307 ||| DRINKING 4 potions of curing.
  7307 | D:9      | 7307 ||| (to cure confusion)
  7454 | D:9      | 7454 ||| PLANNING LAIR
  7454 | D:9      | 7454 ||| UPGRADING to +0 pair of boots.
  7459 | D:9      | 7459 ||| READING scroll labelled KUROSI EPUHACE.
  7480 | Lair:1   | Entered Level 1 of the Lair of Beasts
  7482 | Lair:1   | 7482 ||| INVOKING Heroism.
  7492 | Lair:1   | 7492 ||| Stepping ~*~*~tactically~*~*~ (outnumbered).
  7496 | Lair:1   | 7496 ||| STAIRDANCE
  7500 | Lair:1   | 7500 ||| INVOKING Heroism.
  7502 | Lair:1   | 7502 ||| Stepping ~*~*~tactically~*~*~ (outnumbered).
  7510 | Lair:1   | 7510 ||| Stepping ~*~*~tactically~*~*~ (water).
  7511 | Lair:1   | 7511 ||| Stepping ~*~*~tactically~*~*~ (water).
  7514 | Lair:1   | HP: 9/65 [swamp worm (8)]
  7515 | Lair:1   | Reached skill level 9 in Fighting
  7515 | Lair:1   | 7515 ||| READING 2 scrolls of teleportation.
  7516 | Lair:1   | 7516 ||| DRINKING 3 potions of heal wounds.
  7573 | Lair:1   | Noticed a black mamba
  7574 | Lair:1   | 7574 ||| INVOKING Heroism.
  7575 | Lair:1   | 7575 ||| RETREATING.
  7578 | Lair:1   | 7578 ||| Stepping ~*~*~tactically~*~*~ (retreating).
  7580 | Lair:1   | Killed a black mamba
  7580 | Lair:1   | Noticed a cane toad
  7581 | Lair:1   | Reached XP level 11. HP: 52/71 MP: 11/14
  7603 | Lair:1   | 7603 ||| INVOKING Heroism.
  7676 | Lair:1   | 7676 ||| INVOKING Heroism.
  7802 | Lair:1   | 7802 ||| INVOKING Heroism.
  7822 | Lair:1   | Identified the +2 leather armour "Huodghar" {Int+3}
  7837 | Lair:1   | 7837 ||| INVOKING Heroism.
  7898 | Lair:1   | 7898 ||| INVOKING Heroism.
  7970 | Lair:1   | 7970 ||| RETREATING.
  7973 | Lair:1   | 7973 ||| Stepping ~*~*~tactically~*~*~ (retreating).
  7974 | Lair:1   | 7974 ||| Stepping ~*~*~tactically~*~*~ (retreating).
  7975 | Lair:1   | 7975 ||| Stepping ~*~*~tactically~*~*~ (retreating).
  7977 | Lair:1   | 7977 ||| Stepping ~*~*~tactically~*~*~ (retreating).
  7978 | Lair:1   | 7978 ||| Stepping ~*~*~tactically~*~*~ (retreating).
  7979 | Lair:1   | 7979 ||| Stepping ~*~*~tactically~*~*~ (retreating).
  7982 | Lair:1   | 7982 ||| Stepping ~*~*~tactically~*~*~ (retreating).
  7983 | Lair:1   | 7983 ||| Stepping ~*~*~tactically~*~*~ (retreating).
  7984 | Lair:1   | 7984 ||| Stepping ~*~*~tactically~*~*~ (retreating).
  8011 | Lair:1   | 8011 ||| Stepping ~*~*~tactically~*~*~ (retreating).
  8012 | Lair:1   | 8012 ||| Stepping ~*~*~tactically~*~*~ (retreating).
  8023 | Lair:1   | 8023 ||| INVOKING Heroism.
  8027 | Lair:1   | Reached skill level 14 in Ranged Weapons
  8037 | Lair:1   | Reached *** piety under Okawaru
  8246 | Lair:1   | 8246 ||| INVOKING Heroism.
  8354 | Lair:1   | 8354 ||| INVOKING Heroism.
  8404 | Lair:1   | 8404 ||| INVOKING Heroism.
  8405 | Lair:1   | 8405 ||| RETREATING.
  8673 | Lair:1   | 8673 ||| DROPPING +2 leather armour "Huodghar" {Int+3}.
  8674 | Lair:1   | 8674 ||| READING 2 scrolls of identify.
  8674 | Lair:1   | 8674 ||| IDENTIFYING amethyst potion
  8702 | Lair:2   | Reached **** piety under Okawaru
  8704 | Lair:2   | 8704 ||| INVOKING Heroism.
  8705 | Lair:2   | 8705 ||| RETREATING.
  8706 | Lair:2   | 8706 ||| Stepping ~*~*~tactically~*~*~ (retreating).
  8708 | Lair:2   | 8708 ||| Stepping ~*~*~tactically~*~*~ (retreating).
  8715 | Lair:2   | 8715 ||| FLEEEEING.
  8716 | Lair:2   | 8716 ||| FLEEEEING.
  8718 | Lair:2   | 8718 ||| STAIRDANCE
  8779 | Lair:2   | 8779 ||| INVOKING Heroism.
  9013 | Lair:2   | Noticed Sonja
  9015 | Lair:2   | 9015 ||| RETREATING.
  9023 | Lair:2   | 9023 ||| Stepping ~*~*~tactically~*~*~ (retreating).
  9025 | Lair:2   | 9025 ||| Stepping ~*~*~tactically~*~*~ (retreating).
  9027 | Lair:2   | Reached XP level 12. HP: 76/77 MP: 15/15
  9027 | Lair:2   | Killed Sonja
  9101 | Lair:2   | Reached skill level 15 in Ranged Weapons
  9120 | Lair:2   | Noticed a seven-headed hydra
  9121 | Lair:2   | 9121 ||| INVOKING Heroism.
  9125 | Lair:2   | Killed a seven-headed hydra
  9126 | Lair:2   | Reached skill level 6 in Invocations
  9175 | Lair:2   | 9175 ||| INVOKING Heroism.
  9211 | Lair:2   | Noticed a skyshark
  9217 | Lair:2   | Killed a skyshark
  9272 | Lair:2   | 9272 ||| RETREATING.
  9506 | Lair:2   | 9506 ||| INVOKING Heroism.
  9636 | Lair:2   | Reached ***** piety under Okawaru
  9686 | Lair:2   | 9686 ||| Stepping ~*~*~tactically~*~*~ (outnumbered).
  9688 | Lair:2   | 9688 ||| Stepping ~*~*~tactically~*~*~ (outnumbered).
  9690 | Lair:2   | 9690 ||| Stepping ~*~*~tactically~*~*~ (outnumbered).
  9691 | Lair:2   | Found a staircase to the Swamp.
  9692 | Lair:2   | 9692 ||| Stepping ~*~*~tactically~*~*~ (outnumbered).
  9694 | Lair:2   | 9694 ||| Stepping ~*~*~tactically~*~*~ (outnumbered).
  9697 | Lair:2   | 9697 ||| Stepping ~*~*~tactically~*~*~ (outnumbered).
  9699 | Lair:2   | 9699 ||| INVOKING Heroism.
  9701 | Lair:2   | Received a gift from Okawaru
  9736 | Lair:2   | 9736 ||| FLEEEEING.
  9928 | Lair:2   | 9928 ||| READING 2 scrolls of identify.
  9928 | Lair:2   | 9928 ||| IDENTIFYING clear potion
  9983 | Lair:3   | 9983 ||| Stepping ~*~*~tactically~*~*~ (retreating).
  9984 | Lair:3   | 9984 ||| Stepping ~*~*~tactically~*~*~ (retreating).
  9985 | Lair:3   | 9985 ||| Stepping ~*~*~tactically~*~*~ (retreating).
  9986 | Lair:3   | 9986 ||| Stepping ~*~*~tactically~*~*~ (retreating).
  9987 | Lair:3   | 9987 ||| Stepping ~*~*~tactically~*~*~ (retreating).
 10056 | Lair:3   | Found a staircase to the Snake Pit.
 10066 | Lair:3   | 10066 ||| RETREATING.
 10068 | Lair:3   | 10068 ||| Stepping ~*~*~tactically~*~*~ (retreating).
 10158 | Lair:3   | Reached skill level 16 in Ranged Weapons
 10175 | Lair:3   | Identified the +1 crystal plate armour of Imperfection
                  | {Harm +Inv rC+ Str-5} (Okawaru gifted it to you on level 3
                  | of the Lair of Beasts)
 10175 | Lair:3   | Received a gift from Okawaru
 10176 | Lair:3   | 10176 ||| INVOKING Heroism.
 10331 | Lair:3   | Reached skill level 9 in Invocations
 10433 | Lair:3   | 10433 ||| INVOKING Heroism.
 10888 | Lair:3   | 10888 ||| READING 2 scrolls of identify.
 10888 | Lair:3   | 10888 ||| IDENTIFYING golden potion
 10889 | Lair:3   | 10889 ||| DROPPING potion of lignification.
 11022 | Lair:4   | Reached XP level 13. HP: 76/83 MP: 20/20
 11068 | Lair:4   | 11068 ||| RETREATING.
 11072 | Lair:4   | 11072 ||| RETREATING.
 11083 | Lair:4   | 11083 ||| Stepping ~*~*~tactically~*~*~ (retreating).
 11085 | Lair:4   | 11085 ||| Stepping ~*~*~tactically~*~*~ (retreating).
 11086 | Lair:4   | 11086 ||| Stepping ~*~*~tactically~*~*~ (retreating).
 11089 | Lair:4   | 11089 ||| INVOKING Heroism.
 11098 | Lair:4   | 11098 ||| Stepping ~*~*~tactically~*~*~ (retreating).
 11099 | Lair:4   | 11099 ||| Stepping ~*~*~tactically~*~*~ (retreating).
 11100 | Lair:4   | 11100 ||| Stepping ~*~*~tactically~*~*~ (retreating).
 11101 | Lair:4   | 11101 ||| Stepping ~*~*~tactically~*~*~ (retreating).
 11108 | Lair:4   | HP: 18/83 [yak (7)]
 11109 | Lair:4   | 11109 ||| READING scroll of teleportation.
 11109 | Lair:4   | HP: 8/83 [yak (11)]
 11110 | Lair:4   | 11110 ||| DRINKING 2 potions of heal wounds.
 11115 | Lair:4   | 11115 ||| Stepping ~*~*~tactically~*~*~ (retreating).
 11116 | Lair:4   | 11116 ||| Stepping ~*~*~tactically~*~*~ (retreating).
 11116 | Lair:4   | HP: 8/83 [torpor snail (16)]
 11117 | Lair:4   | 11117 ||| DRINKING potion of heal wounds.
 11118 | Lair:4   | 11118 ||| Stepping ~*~*~tactically~*~*~ (retreating).
 11122 | Lair:4   | HP: 19/83 [yak[a torpor snail] (9)]
 11410 | Lair:4   | 11410 ||| INVOKING Heroism.
 11543 | Lair:4   | Found a viscous altar of Jiyva.
 11544 | Lair:4   | Found a staircase to the Slime Pits.
 11628 | Lair:4   | 11628 ||| DROPPING +2 ring mail of poison resistance.
 11629 | Lair:4   | 11629 ||| READING scroll labelled SAESEA ZUWEDUCS.
 11630 | Lair:4   | 11630 ||| READING 3 scrolls of identify.
 11630 | Lair:4   | 11630 ||| IDENTIFYING brown potion
 11631 | Lair:4   | 11631 ||| DROPPING potion of brilliance.
 11639 | Lair:5   | Entered Level 5 of the Lair of Beasts
 11645 | Lair:5   | 11645 ||| INVOKING Heroism.
 11655 | Lair:5   | 11655 ||| Stepping ~*~*~tactically~*~*~ (retreating).
 11662 | Lair:5   | HP: 20/84 [cane toad (4)]
 11663 | Lair:5   | 11663 ||| READING 4 scrolls of teleportation.
 11668 | Lair:5   | 11668 ||| READING 3 scrolls of teleportation.
 11669 | Lair:5   | 11669 ||| Stepping ~*~*~tactically~*~*~ (water).
 11671 | Lair:5   | 11671 ||| READING 2 scrolls of teleportation.
 11671 | Lair:5   | HP: 11/84 [electric eel/bolt of electricity (4)]
 11677 | Lair:5   | 11677 ||| READING scroll of teleportation.
 11681 | Lair:5   | 11681 ||| Stepping ~*~*~tactically~*~*~ (water).
 11681 | Lair:5   | Slain by a blink frog

Levels and vault maps discovered:
D:1:      dpeg_arrival_court, layout_loops_ring
D:2:      layout_basic, grunt_decor_arrowhead
D:3:      layout_basic
D:4:      cheibrodos_greedy_goblins, layout_cave_pools, lemuel_round_altar,
          gammafunk_ghost_stat_death
D:5:      layout_loops_ring
D:6:      layout_loops_ring, minmay_temple_entry_offerings
D:7:      layout_basic, gammafunk_ghost_hive, minmay_parallelograms
D:8:      layout_basic, minmay_crystal_water
D:9:      layout_big_octagon, erik_lair_orcish_takeover, serial_shops,
          nicolae_shop_advertising_works [nicolae_subvault_shop_adworks]
Temple:   grunt_wide_crystal_templ
Lair:1:   layout_chaotic_city, worms_lemuel
Lair:2:   layout_gridlike, nicolae_swamp_entry_splash_gauntlet, uniq_sonja
Lair:3:   layout_cave_pods, minmay_snake_entry_six_corridors
Lair:4:   layout_cave_shapes, dpeg_slime_entry_corner
Lair:5:   gammafunk_lair_ancient_temple, layout_cave_pods, serial_bayou,
          serial_bayou_pond_c, serial_bayou_shore_b, serial_bayou_shore_b,
          serial_bayou_ford_a

Skill      XL: |  1  2  3  4  5  6  7  8  9 10 11 12 13 |
---------------+----------------------------------------+-----
Ranged Weapons | 5 6 7 8 9 11 13 14 16 | 16.3
Armour         | 1 3 4 5 |  5.0
Fighting       | 3 4 5 6 8 9 10 11 | 11.2
Dodging        | 2 3 4 5 |  5.0
Invocations    | 2 4 9 10 | 10.0
Stealth        | |  1.1

Action                     |  1- 3 |  4- 6 |  7- 9 | 10-12 | 13-15 || total
---------------------------+-------+-------+-------+-------+-------++-------
   Fire: Shortbow          |   141 |   131 |       |       |       ||   272
         Hand cannon       |       |    48 |   257 |   430 |    76 ||   811
 Invoke: Heroism           |       |       |     5 |    28 |     3 ||    36
    Use: Scroll            |     5 |     6 |     5 |     7 |     7 ||    30
         Potion            |     1 |     1 |     3 |     3 |     2 ||    10
 Armour: Leather armour    |    14 |       |       |       |       ||    14
         Ring mail         |    44 |    80 |   175 |    19 |       ||   318
         Steam dragon scal |       |       |       |   258 |    76 ||   334
  Dodge: Dodged            |    50 |    68 |   115 |   267 |    90 ||   590

Table legend:
 A = Non-vault XP
 B = Vault XP
 C = Vault XP percentage of total XP
 D = Non-vault monster count
 E = Vault monster count
 F = Vault count percentage of total count
                 A         B        C        D         E       F
            +---------+---------+-------+---------+---------+-------
      Total |   29797 |    8148 |  21.5 |     298 |      42 |  12.4
            +---------+---------+-------+---------+---------+-------
        D:1 |      41 |       0 |   0.0 |      25 |       0 |   0.0
        D:2 |      92 |       0 |   0.0 |      27 |       0 |   0.0
        D:3 |     148 |       0 |   0.0 |      18 |       0 |   0.0
        D:4 |     682 |      16 |   2.3 |      24 |       8 |  25.0
        D:5 |     746 |       0 |   0.0 |      20 |       0 |   0.0
        D:6 |     864 |       0 |   0.0 |      19 |       0 |   0.0
        D:7 |    1262 |       0 |   0.0 |      25 |       0 |   0.0
        D:8 |    1948 |       0 |   0.0 |      32 |       0 |   0.0
        D:9 |    2307 |     631 |  21.5 |      28 |       9 |  24.3
     Lair:1 |    7259 |     627 |   8.0 |      24 |       4 |  14.3
     Lair:2 |    6782 |    2333 |  25.6 |      26 |       5 |  16.1
     Lair:3 |    2445 |    3062 |  55.6 |      12 |      12 |  50.0
     Lair:4 |    4554 |       0 |   0.0 |      16 |       0 |   0.0
     Lair:5 |     667 |    1479 |  68.9 |       2 |       4 |  66.7
            +---------+---------+-------+---------+---------+-------
